 Dungeon Crawl Stone Soup version 0.31-a0-544-gceb718ecc6 (webtiles) character file.

Game seed: 12388885372296492511

292 avis the Ruffian (level 5, -2/63 HPs)
             Began as a Demigod Shapeshifter on Aug 16, 2023.
             Slain by a steam dragon (8 damage)
             ... on level 4 of the Dungeon.
             The game lasted 00:17:03 (3053 turns).

avis the Ruffian (Demigod Shapeshifter)             Turns: 3053, Time: 00:17:04

Health: -2/63      AC: 22    Str: 20    XL:     5   Next: 84%
Magic:  7/7        EV:  2    Int: 10    God:
Gold:   53         SH:  0    Dex: 14    Spells: 4/4 levels left

rFire   . . .        a - +0 long sword (vamp)
rCold   . . .        (no shield)
rNeg    + . .        i - melded +0 ring mail
rPois   +            (helmet currently unavailable)
rElec   .            (cloak currently unavailable)
rCorr   .            (gloves currently unavailable)
SInv    .            (boots currently unavailable)
Will    .....        (no amulet)
Stlth   +            q - +5 ring of evasion
HPRegen 0.30/turn    j - ring of positive energy
MPRegen 0.10/turn

%: no passive effects
@: tree-form
A: stationary, stasis, torment immunity, boosted hp, high MP 1, forlorn, divine
attributes
a: no special abilities


You were on level 4 of the Dungeon.
You were a tree.
You visited 1 branch of the dungeon, and saw 4 of its levels.

You collected 103 gold pieces.
You spent 50 gold pieces at shops.

Inventory:

Hand Weapons
 a - a +0 vampiric long sword (weapon)
 w - a +2 dagger of venom
Missiles
 o - 8 poisoned darts
Armour
 i - a +0 ring mail (melded)
 r - a +0 animal skin
Magical Staves
 n - a staff of poison
 v - a staff of death
Jewellery
 e - a ring of protection from cold
 j - a ring of positive energy (right branch)
 p - an amulet of guardian spirit
 q - a +5 ring of evasion (left branch)
Talismans
 c - a beast talisman
 d - a flux talisman
 u - a beast talisman
Wands
 h - a wand of flame (16)
Scrolls
 g - 2 scrolls of immolation {unknown}
 k - a scroll of noise {unknown}
 l - a scroll of blinking {unknown}
 s - a scroll of enchant weapon {unknown}
 x - a scroll of fear {unknown}
 y - a scroll of teleportation {unknown}
 B - a scroll of identify
Potions
 b - a potion of lignification
 f - a potion of brilliance
 t - a potion of magic
 z - a potion of degeneration
 A - a potion of mutation


   Skills:
 + Level 2.7 Fighting
 + Level 2.7 Dodging
 + Level 4.9 Unarmed Combat
 - Level 3.0 Shapeshifting


You had 4 spell levels left.
You didn't know any spells.
Your spell library was empty.

Dungeon Overview and Level Annotations

Branches:
Dungeon (4/15)
 Temple: D:4-7

Shops:
D:4 *


Innate Abilities, Weirdness & Mutations

You are a tree.
Your roots penetrate the ground, keeping you stationary.
You cannot be teleported.
You are immune to unholy pain and torment.
Your maximum health is greatly increased.
Your equipment is partially melded.
You have an increased reservoir of magic. (+10% MP)
You shall have no god before yourself.
Your divine heritage dramatically boosts your attributes as you level up.


Message History

The steam dragon is heavily wounded.
You are engulfed in a cloud of scalding steam.
* * * LOW HITPOINT WARNING * * *
The steam dragon bites you but does no damage.
The steam dragon claws you but does no damage.
The steam dragon bites you but does no damage.
The steam dragon claws you but does no damage.
You hit the steam dragon but do no damage.
The steam dragon is heavily wounded.
You are engulfed in a cloud of scalding steam.
The steam dragon bites you but does no damage.
The steam dragon claws you but does no damage.
You barely miss the steam dragon. You punch the steam dragon.
The steam dragon is severely wounded.
You are engulfed in a cloud of scalding steam.
* * * LOW HITPOINT WARNING * * *
The steam dragon bites you!
* * * LOW HITPOINT WARNING * * *
The steam dragon claws you but does no damage.
You feel better.
You are engulfed in a cloud of scalding steam.
* * * LOW HITPOINT WARNING * * *
The steam dragon bites you.
* * * LOW HITPOINT WARNING * * *
The steam dragon claws you.
* * * LOW HITPOINT WARNING * * *
You feel better.
The steam dragon bites you but does no damage.
The steam dragon claws you but does no damage.
You closely miss the steam dragon.
The steam dragon is heavily wounded.
The steam dragon bites you!
* * * LOW HITPOINT WARNING * * *
The steam dragon completely misses you.
The steam dragon bites you but does no damage.
The steam dragon claws you but does no damage.
You hit the steam dragon.
You feel better.
You punch the steam dragon!
The steam dragon is almost dead.
The steam dragon bites you!
You die...

#####.## ##.## # ##†# #.# ## #..#
#.# ###. #.## ##+## #... #.#
##...## #.#. #.### ##.....## #.##
#.#.## ##...>...## #..#
.########....####.........####...
...............D♣.........+......
.########....####.........####...
#...## ##.......## #..# ###.#
##.....## #.## #.# ##...## #.#
#)# ##'## #.# #)# #.# #.## #.#
#.# #... #.# ##.## ####


You could see a steam dragon.

Vanquished Creatures
  A scorpion (D:4)
  A hound (D:3)
  A sleepcap (D:4)
  An iguana (D:4)
  An orc wizard (D:4)
  4 adders
  An ufetubus (D:3)
  A worm (D:3)
  2 dart slugs (D:3)
  7 orcs
  6 ball pythons
  3 endoplasms
  2 giant cockroaches
  7 goblins
  8 hobgoblins
  4 jackals (D:1)
  8 kobolds
  5 quokkas
  3 bats
  5 frilled lizards
  5 rats
76 creatures vanquished.

Notes
Turn   | Place    | Note
-------+----------+-------------------------------------------
     0 | D:1      | avis the Demigod Shapeshifter began the quest for the Orb.
     0 | D:1      | Reached XP level 1. HP: 15/15 MP: 3/3
    43 | D:1      | Reached skill level 1 in Fighting
   146 | D:1      | Reached skill level 3 in Unarmed Combat
   196 | D:1      | Reached XP level 2. HP: 23/23 MP: 4/4
   658 | D:2      | Reached XP level 3. HP: 23/28 MP: 5/5
  1499 | D:3      | Reached XP level 4. HP: 36/36 MP: 6/6
  1548 | D:3      | Noticed a water elemental
  1552 | D:3      | Noticed an air elemental
  1552 | D:3      | Noticed an earth elemental
  1552 | D:3      | Noticed a fire elemental
  1569 | D:3      | Reached skill level 4 in Unarmed Combat
  1630 | D:3      | Found a transporter.
  2195 | D:4      | Found Lathrios's CLEARANCE SALE!.
  2204 | D:4      | Bought a potion of mutation for 40 gold pieces
  2204 | D:4      | Bought a scroll of identify for 10 gold pieces
  2275 | D:4      | Reached XP level 5. HP: 13/42 MP: 7/7
  3018 | D:4      | Noticed a steam dragon
  3050 | D:4      | HP: 3/63 [steam dragon] (6)]
  3050 | D:4      | HP: 1/63 [steam dragon (2)]
  3053 | D:4      | Slain by a steam dragon

Illustrated notes

Levels and vault maps discovered:
D:1:      tarquinn_simple_flora_water_f, layout_basic
D:2:      layout_basic, shapermc_ecumenical_altar_petra, minmay_tripent
D:3:      layout_rooms, grunt_nemelex_the_gamble,
          nicolae_qazlal_style_of_elements, nicolae_overflow_ecumenical_swirl
D:4:      layout_loops_corners, nicolae_shop_clearance

Skill      XL: |  1  2  3  4 |
---------------+-------------+-----
Fighting       | 1 2 |  2.7
Dodging        | 2 |  2.7
Unarmed Combat | 3 4 |  4.9
Shapeshifting  | 3 |  3.0

Action                     |  1- 3 |  4- 6 || total
---------------------------+-------+-------++-------
  Melee: Unarmed           |   120 |       ||   120
         Punch             |     2 |     5 ||     7
         Long sword        |    19 |   112 ||   131
    Use: Scroll            |       |     4 ||     4
         Potion            |       |     3 ||     3
 Armour: Animal skin       |     5 |       ||     5
         Ring mail         |    37 |    32 ||    69
         Skin              |       |    22 ||    22
  Dodge: Dodged            |    69 |   111 ||   180

Table legend: (Time is in decaauts)
 A = Elapsed time spent in this place.
 B = Non-inter-level travel time spent in this place.
 C = Inter-level travel time spent in this place.
 D = Time resting spent in this place.
 E = Time spent auto-exploring this place.
 F = Levels seen in this place.
 G = Mean time per level.
                   A        B        C        D        E       F      G
               +--------+--------+--------+--------+--------+-----+--------+
         Total |   3093 |   2751 |    342 |    347 |   1573 |   4 |  773.2 |
       Dungeon |   3093 |   2751 |    342 |    347 |   1573 |   4 |  773.2 |
               +--------+--------+--------+--------+--------+-----+--------+

Top non-repeatable levels by time:
     D:4: 947 daAuts
     D:3: 780 daAuts
     D:2: 732 daAuts
     D:1: 633 daAuts
